 Dungeon Crawl Stone Soup version 0.31-a0-799-g6bc09d010c (webtiles) character file.

Game seed: 13469940063179633803

32004 Bravepunisher the Champion of Chaos (level 13, -28/70 HPs)
             Began as a Spriggan Monk on Sept 19, 2023.
             Was the Champion of Makhleb.
             Annihilated by a komodo dragon (75 damage)
             ... on level 4 of the Lair of Beasts on Sept 20, 2023.
             The game lasted 00:59:22 (17535 turns).

Bravepunisher the Champion of Chaos (SpMo)         Turns: 17535, Time: 00:59:23

Health: -28/70     AC: 14    Str: 13    XL:     13   Next: 29%
Magic:  24/24      EV:  4    Int: 13    God:    Makhleb [******]
Gold:   153        SH:  0    Dex: 21    Spells: 12/12 levels left

rFire   + . .        H - +2 demon whip (venom)
rCold   + . .        t - +2 buckler {rC+ rF+}
rNeg    . . .        b - +5 steam dragon scales
rPois   +            (helmet restricted)
rElec   .            a - +2 cloak
rCorr   .            (gloves unavailable)
SInv    +            (boots unavailable)
Will    ++...        z - amulet of faith
Stlth   ++           w - +6 ring of strength
HPRegen 0.31/turn    C - ring of poison resistance
MPRegen 0.19/turn

%: faith
@: sleeping, marked, studying Shields, very quick
A: very small, no large weapons, unfitting armour, see invisible, speed 3
a: Renounce Religion, Minor Destruction, Lesser Servant of Makhleb, Major
Destruction, Greater Servant of Makhleb


You were on level 4 of the Lair of Beasts.
You worshipped Makhleb.
Makhleb was exalted by your worship.
You visited 4 branches of the dungeon, and saw 19 of its levels.

You collected 925 gold pieces.
You spent 772 gold pieces at shops.

Inventory:

Hand Weapons
 H - a +2 demon whip of venom (weapon)
Missiles
 i - a throwing net
Armour
 a - a +2 cloak (worn)
 b - +5 steam dragon scales (worn)
 d - an orb of light
 t - a +2 buckler of resistance (worn)
 x - a scarf of resistance
Jewellery
 w - a +6 ring of strength (left hand)
 z - an amulet of faith (around neck)
 C - a ring of poison resistance (right hand)
 I - a ring of flight
Wands
 v - a wand of light (29)
 y - a wand of mindburst (28)
 D - a wand of digging (5)
 E - a wand of flame (55)
 K - a wand of paralysis (5)
Scrolls
 g - 2 scrolls of noise {unknown}
 h - 11 scrolls of teleportation
 k - 3 scrolls of silence {unknown}
 l - 4 scrolls of fog {unknown}
 o - 3 scrolls of immolation
 q - 6 scrolls of blinking
 u - 2 scrolls of identify
 G - a scroll of revelation
Potions
 c - a potion of ambrosia
 e - 4 potions of degeneration
 f - a potion of haste
 j - a potion of enlightenment {unknown}
 m - 4 potions of cancellation
 n - a potion of brilliance
 p - a potion of might
 r - 2 potions of invisibility
 s - a potion of resistance
 A - 5 potions of attraction
 F - 2 potions of lignification {unknown}
 J - 2 potions of berserk rage {unknown}


   Skills:
 + Level 9.6 Fighting
 - Level 3.2 Short Blades
 + Level 5.0 Maces & Flails
 + Level 4.0 Armour
 + Level 14.1 Dodging
 + Level 3.9 Shields
 * Level 14.5 Invocations


You had 12 spell levels left.
You didn't know any spells.
Your spell library contained the following spells:

 Spells                   Type           Power      Damage    Failure   Level
 Apportation              Tloc           0%         N/A       38%         1
 Freeze                   Ice            0%         1d3       38%         1
 Magic Dart               Conj           0%         1d3       38%         1
 Necrotise                Necr           0%         1d4       38%         1
 Summon Small Mammal      Summ           0%         N/A       38%         1
 Cigotuvi's Dreadful Rot  Necr/Pois/Air  0%         N/A       52%         2
 Jinxbite                 Hex            0%         N/A       52%         2
 Searing Ray              Conj           0%         2d4       52%         2
 Frozen Ramparts          Ice            0%         1d1       77%         3
 Hailstorm                Conj/Ice       0%         3d3       77%         3
 Ignite Poison            Fire/Tmut/Pois 0%         N/A       77%         3
 Tukima's Dance           Hex            0%         N/A       77%         3
 Fulminant Prism          Conj/Hex       0%         3d5       99%         4
 Passage of Golubria      Tloc           0%         N/A       99%         4
 Petrify                  Tmut/Erth      0%         N/A       99%         4
 Alistair's Intoxication  Tmut/Pois      0%         N/A       100%        5
 Freezing Cloud           Conj/Ice/Air   0%         6-21      100%        5
 Metabolic Englaciation   Hex/Ice        0%         N/A       100%        5
 Yara's Violent Unravell  Hex/Tmut       0%         3d3       100%        5


Dungeon Overview and Level Annotations

Branches:
Dungeon (13/15)            Temple (1/1) D:5            Lair (4/5) D:9
 Shoals (0/4) Lair:3        Snake (1/4) Lair:2        Slime (0/5) Lair:4
    Orc (0/2) D:12         Vaults (0/5) D:13

Altars:
Ashenzari
Cheibriados
Dithmenos
Elyvilon
Fedhas
Gozag
Hepliaklqana
Kikubaaqudgha
Makhleb
Nemelex Xobeh
Okawaru
Qazlal
Ru
Sif Muna
Trog
Uskayaw
Vehumet
Wu Jian
Xom
Yredelemnul
Zin
The Shining One
Jiyva

Shops:
D:7 ?:   D:10 [

Annotations:
D:3 2 transporters, Dittersdorf's ghost, amateur GrFi
D:8 2 transporters, Age's ghost, novice MiFi
D:13 Rupert; Urug


Innate Abilities, Weirdness & Mutations

You are very small and have problems with some larger weapons.
You are too small for most types of armour.
You have supernaturally acute eyesight. (SInv)
You cover ground extremely quickly. (Speed+++)


Message History

The stone arrow hits the komodo dragon.
The komodo dragon is lightly wounded.
You barely miss the komodo dragon.
The komodo dragon is lightly wounded.
The komodo dragon bites you!!
A dream sheep comes into view.
The jelly hits something.
You hit the komodo dragon.
The komodo dragon is poisoned.
The komodo dragon is moderately wounded.
The komodo dragon completely misses you.
You hit the komodo dragon but do no damage.
The komodo dragon looks as sick as possible!
The komodo dragon is moderately wounded.
The komodo dragon barely misses you.
You hit the komodo dragon.
The komodo dragon looks as sick as possible!
The komodo dragon is moderately wounded.
A dream sheep comes into view.
The jelly hits something.
You block the komodo dragon's attack.
The komodo dragon bites something!!
You barely miss the komodo dragon.
The komodo dragon is moderately wounded.
The jelly hits something.
The komodo dragon completely misses you.
You hit the komodo dragon but do no damage.
The komodo dragon looks as sick as possible!
The komodo dragon is heavily wounded.
The komodo dragon bites something!!
A wolf comes into view.
A dream sheep comes into view.
The komodo dragon bites you but does no damage.
You hit the komodo dragon but do no damage.
The komodo dragon is heavily wounded.
The dream sheep shake their wool and sparkle.
You feel drowsy...
You fall asleep.
A cane toad comes into view.
The komodo dragon bites you but does no damage.
A bullfrog comes into view.
The komodo dragon bites you!!!!
Ouch! That really hurt!
You die...

### ######.## ###
.#..#.#.########.###
......J..F(hJYYl...#
......#.#...JP.#@..#
#.....###..#.###..##
##....# #..### ####
###...###..#
.##....#P.##
.......#### .##....#
.##...## ##....####


You could see a komodo dragon (extremely poisoned), a wolf, a bullfrog, 2 dream
sheep and a jelly.

Vanquished Creatures
  2 hydras (Lair:2)
  A boulder beetle (D:11)
  A centaur warrior (D:11)
  5 two-headed ogres
  3 death yaks (D:9)
  A skyshark (Lair:2)
  Pikel (D:7)
  A mana viper (Lair:2)
  A salamander (Lair:2)
  A manticore (D:12)
  An ugly thing (D:9)
  2 black mambas
  An orange demon (D:9)
  2 gargoyles (D:10)
  A rime drake (Lair:1)
  5 komodo dragons
  Jeremiah (D:7)
  5 cane toads
  Maggie (D:7)
  3 trolls
  A polar bear (Lair:2)
  2 hornets
  Prince Ribbit (D:5)
  3 blink frogs (Lair:3)
  3 slime creatures (D:12)
  21 yaks
  2 wraiths
  4 wyverns
  A vampire (D:10)
  3 basilisks
  2 steam dragons
  3 vampire mosquitoes (D:11)
  A warg (D:12)
  An acid dragon (D:8)
  3 nagas (Lair:2)
  Duvessa (D:7)
  8 water moccasins
  2 orc warriors (D:12)
  An ice beast (D:6)
  2 black bears
  10 wolves
  An ogre (D:7)
  9 centaurs
  A phantom (D:5)
  A kobold brigand (D:8)
  11 bullfrogs
  3 gnoll sergeants
  4 scorpions
  10 wights
  Dowan (D:7)
  10 killer bees
  5 howler monkeys
  3 electric eels
  3 lava snakes (Lair:3)
  7 jellies
  6 orc priests
  4 hounds
  Ijyb (D:4)
  2 iguanas (D:6)
  6 orc wizards
  9 adders
  15 gnolls
  2 river rats (D:9)
  A shadow imp (D:7)
  2 white imps (D:7)
  6 dart slugs
  18 orcs
  5 bats
  8 endoplasms
  4 giant cockroaches
  10 hobgoblins
  2 jackals (D:2)
  7 kobolds
  2 quokkas
  10 ball pythons
  6 frilled lizards
  5 goblins
  5 rats
319 creatures vanquished.

Vanquished Creatures (collateral kills)
  Amaemon (D:9)
  A gargoyle (D:11)
  A hornet (D:7)
  6 yaks (Lair:1)
  2 water moccasins (Lair:1)
  A black bear (D:7)
  A centaur (D:7)
  A kobold brigand (D:7)
  2 bullfrogs (D:7)
  4 killer bees (D:9)
  3 gnolls (D:11)
  4 orcs (D:7)
  A kobold (D:7)
28 creatures vanquished.

Grand Total: 347 creatures vanquished

Notes
Turn   | Place    | Note
-------+----------+-------------------------------------------
     0 | D:1      | Bravepunisher the Spriggan Monk began the quest for the
                  | Orb.
     0 | D:1      | Reached XP level 1. HP: 11/11 MP: 2/2
   180 | D:1      | Reached XP level 2. HP: 10/16 MP: 3/3
   211 | D:1      | Found a faded altar of an unknown god.
   749 | D:5      | Entered Level 5 of the Dungeon
   840 | D:4      | Reached XP level 3. HP: 19/20 MP: 4/4
  1009 | D:5      | Found a staircase to the Ecumenical Temple.
  1015 | Temple   | Entered the Ecumenical Temple
  1064 | Temple   | Became a worshipper of Makhleb the Destroyer
  1064 | Temple   | Reached * piety under Makhleb
  1064 | Temple   | Reached ** piety under Makhleb
  1596 | D:1      | Reached XP level 4. HP: 23/24 MP: 5/5
  1599 | D:1      | Reached skill level 5 in Dodging
  1887 | D:2      | Reached skill level 1 in Invocations
  2816 | D:3      | Found a transporter.
  2829 | D:3      | Noticed Dittersdorf's ghost (amateur GrFi)
  2831 | D:3      | Found a transporter.
  2832 | D:3      | Identified the +0 dire flail of Valuable Assets {protect,
                  | *Corrode rPois Str+8}
  2832 | D:3      | Noticed an ogre
  2913 | D:3      | Reached XP level 5. HP: 28/29 MP: 7/7
  3057 | D:3      | Found a faded altar of an unknown god.
  3061 | D:3      | Found a shimmering altar of Xom.
  3296 | D:4      | Reached *** piety under Makhleb
  3345 | D:4      | Noticed Ijyb
  3347 | D:4      | Killed Ijyb
  3454 | D:4      | Found a shadowy altar of Dithmenos.
  3664 | D:4      | Reached XP level 6. HP: 27/33 MP: 9/9
  4212 | D:5      | Noticed Prince Ribbit
  4480 | D:5      | Killed Prince Ribbit
  4481 | D:5      | Reached XP level 7. HP: 28/38 MP: 11/11
  4613 | D:5      | Reached skill level 5 in Invocations
  5106 | D:6      | Noticed a steam dragon
  5111 | D:6      | Reached skill level 5 in Fighting
  5113 | D:6      | Reached XP level 8. HP: 31/43 MP: 13/13
  5654 | D:6      | Found a blossoming altar of Fedhas.
  5715 | D:6      | Found a glowing silver altar of Zin.
  5890 | D:7      | Noticed Jeremiah
  5890 | D:7      | Noticed a hornet
  6002 | D:7      | Noticed Maggie
  6158 | D:7      | Noticed Dowan
  6160 | D:7      | Noticed Pikel
  6163 | D:7      | Noticed Duvessa
  6166 | D:7      | Found Reneonam's Magic Scroll Emporium.
  6353 | D:7      | Found Itruumotell's Book Shoppe.
  6530 | D:8      | Reached **** piety under Makhleb
  6547 | D:8      | Reached XP level 9. HP: 47/48 MP: 15/15
  6815 | D:8      | Paralysed by a hornet for 1 turns
  6930 | D:8      | Reached skill level 10 in Dodging
  7118 | D:8      | Found a transporter.
  7119 | D:8      | Identified the ring of Midsummer {Str+6 Stlth+}
  7125 | D:8      | Identified the +0 robe of the Wereyak {Str+3}
  7139 | D:8      | Noticed Age's ghost (novice MiFi)
  7225 | D:8      | Found a transporter.
  7522 | D:7      | Killed Pikel
  7523 | D:7      | Reached skill level 10 in Invocations
  7523 | D:7      | Reached XP level 10. HP: 54/55 MP: 18/18
  7536 | D:7      | Killed Duvessa
  7547 | D:7      | Killed Dowan
  7660 | D:7      | Killed Jeremiah
  7772 | D:7      | Killed Maggie
  7819 | D:7      | Bought a scroll of teleportation for 39 gold pieces
  7819 | D:7      | Bought a scroll of enchant armour for 97 gold pieces
  7819 | D:7      | Bought a scroll of enchant armour for 97 gold pieces
  8096 | D:9      | Noticed an orange demon
  8097 | D:9      | Noticed Amaemon
  8112 | D:9      | Killed Amaemon
  8118 | D:9      | Killed an orange demon
  8302 | D:9      | Found a sparkling altar of Nemelex Xobeh.
  8305 | D:9      | Noticed a two-headed ogre
  8327 | D:9      | Killed a two-headed ogre
  8377 | D:9      | Found a shimmering blue altar of Sif Muna.
  8394 | D:9      | Noticed a cyan ugly thing
  8648 | D:9      | Killed a cyan ugly thing
  8649 | D:9      | Reached skill level 1 in Maces & Flails
  8649 | D:9      | Reached XP level 11. HP: 60/60 MP: 20/20
  8741 | D:9      | Reached ***** piety under Makhleb
  8869 | D:9      | Found a staircase to the Lair.
  8869 | D:9      | Noticed a death yak
  8874 | D:9      | Noticed a death yak
  8907 | D:9      | Killed a death yak
  8985 | D:9      | Noticed a death yak
  9015 | D:9      | Killed a death yak
  9082 | D:9      | Killed a death yak
  9256 | D:9      | Found a bloodstained altar of Trog.
  9356 | Lair:1   | Entered Level 1 of the Lair of Beasts
  9380 | D:10     | Entered Level 10 of the Dungeon
  9397 | D:10     | Noticed a two-headed ogre
  9406 | D:10     | Killed a two-headed ogre
  9620 | D:10     | Found a hazy altar of Hepliaklqana.
  9920 | D:10     | Reached skill level 1 in Armour
 10049 | D:10     | Found a hide-covered altar of Uskayaw.
 10052 | D:10     | Found a stormy altar of Qazlal.
 10352 | D:10     | Found Ficlyibo's Armour Emporium.
 10869 | D:11     | Noticed a centaur warrior
 10885 | D:11     | Killed a centaur warrior
 11369 | D:11     | Noticed a two-headed ogre
 11390 | D:11     | Killed a two-headed ogre
 11444 | D:11     | Reached XP level 12. HP: 46/65 MP: 22/22
 11451 | D:11     | Noticed a boulder beetle
 11806 | D:11     | Killed a boulder beetle
 13107 | D:12     | Noticed a two-headed ogre
 13119 | D:12     | Killed a two-headed ogre
 13223 | D:12     | Noticed a two-headed ogre
 13237 | D:12     | Killed a two-headed ogre
 13454 | D:12     | Found a staircase to the Orcish Mines.
 13861 | D:13     | Noticed a centaur warrior
 13861 | D:13     | Noticed Urug
 13861 | D:13     | Noticed Rupert
 13861 | D:13     | Noticed a centaur warrior
 13861 | D:13     | Found a gate to the Vaults.
 13946 | Lair:1   | Reached skill level 1 in Shields
 14317 | Lair:1   | Reached ****** piety under Makhleb
 15175 | D:10     | Bought a +2 buckler of resistance for 539 gold pieces
 15430 | Lair:2   | Found a staircase to the Snake Pit.
 15511 | Snake:1  | Entered Level 1 of the Snake Pit
 15519 | Snake:1  | Noticed a naga warrior
 15795 | Lair:2   | Noticed a five-headed hydra
 15808 | Lair:2   | Killed a five-headed hydra
 15809 | Lair:2   | Reached XP level 13. HP: 51/70 MP: 24/24
 16606 | Lair:3   | Found a shimmering altar of Xom.
 16654 | Lair:3   | Found a staircase to the Shoals.
 17066 | Lair:3   | Reached skill level 5 in Maces & Flails
 17411 | Lair:4   | Found a viscous altar of Jiyva.
 17423 | Lair:4   | Found a staircase to the Slime Pits.
 17535 | Lair:4   | Annihilated by a komodo dragon

Illustrated notes

Levels and vault maps discovered:
D:1:      wander_arrival_lonely_grave, layout_loops_corners,
          ebering_ecumenical_altar_box, serial_bayou_crossing
D:2:      layout_basic, nicolae_figureground_sparkle
D:3:      layout_basic, nicolae_overflow_ecumenical_swirl,
          gammafunk_ghost_smash, minmay_tree_intersection,
          kennysheep_generic_room_14
D:4:      layout_loops_ring, nicolae_dithmenos_the_darkroom, uniq_ijyb
D:5:      layout_loops_ring, minmay_temple_entry_ruins, uniq_prince_ribbit1
D:6:      layout_loops_ring, kennysheep_mini_moat, marbit_many_paths
D:7:      layout_basic, serial_shops, nicolae_shop_statue_plus,
          nicolae_shop_hallway_plus, serial_aquarium, aquarium_bridge_straight
          [aquarium_subvault_bridge, aquarium_subvault_window,
          aquarium_subvault_bridge, aquarium_subvault_wall],
          aquarium_window_corner, aquarium_window_corner,
          aquarium_window_corridor_1, aquarium_view_4, aquarium_view_2b,
          corexii_checkpoint_b, uniq_duvessa, uniq_pikel, uniq_maggie,
          uniq_jeremiah
D:8:      layout_gridville, gammafunk_ghost_gnarly_gnolls,
          hangedman_minor_gate_pass
D:9:      layout_long_grid, overflow_temple_1_default, lemuel_crystal_altar,
          trog_book, dpeg_lair_monsters, uniq_amaemon
D:10:     layout_gridville, nicolae_overflow_squiral, lemuel_crystal_altar,
          serial_shops, shop
D:11:     layout_cave_pods, hangedman_decor_points
D:12:     layout_stronghold, david_orc_1_choice
D:13:     layout_irregular_city, david_vaults_3, dreamdust_princess_bridge,
          minmay_fractal_squares_5
Temple:   minmay_temple_forest_path
Lair:1:   layout_small_grid
Lair:2:   layout_gridlike, alex1729_snake_entry_snake, serial_forest,
          infiniplex_forest_lined_room_, infiniplex_forest_straight_2,
          infiniplex_forest_clump_curved, infiniplex_forest_clump_diagonal,
          infiniplex_forest_clump_diagonal, chequers_serial_rivers_room_a
Lair:3:   layout_misc_corridors, shoals_dummy_entry, basic_altar,
          chequers_serial_rivers_small_b, minivault_27,
          nicolae_lair_liquid_snakes
Lair:4:   layout_regular_city, nicolae_slime_entry_field_trip,
          pdpol_lair_cavern_descent, grunt_megastairs_5, serial_bayou_shore_b,
          lemuel_fruit_fields
Snake:1:  layout_cave_pods, basic_altar

Skill      XL: |  1  2  3  4  5  6  7  8  9 10 11 12 13 |
---------------+----------------------------------------+-----
Fighting       | 3 4 5 7 8 9 |  9.6
Dodging        | 5 6 7 8 10 11 12 13 14 | 14.1
Invocations    | 1 3 4 5 7 10 11 13 14 | 14.5
Maces & Flails | 1 3 4 5 |  5.0
Armour         | 1 3 4 |  4.0
Shields        | 3 |  3.9
Short Blades   | |  3.2

Action                     |  1- 3 |  4- 6 |  7- 9 | 10-12 | 13-15 || total
---------------------------+-------+-------+-------+-------+-------++-------
  Melee: Short sword       |   152 |   100 |    16 |       |       ||   268
         Punch             |     3 |     2 |     3 |    14 |       ||    22
         Hand axe          |       |       |    80 |    14 |       ||    94
         Demon whip        |       |       |       |   633 |   185 ||   818
 Invoke: Minor Destruction |    11 |   127 |   157 |   349 |    64 ||   708
         Lesser Servant of |       |       |     2 |     6 |       ||     8
  Evoke: Wand              |       |     3 |     3 |     1 |       ||     7
    Use: Potion            |       |     3 |     2 |     3 |       ||     8
         Scroll            |       |       |       |    18 |     3 ||    21
   Stab: Sleeping          |     2 |       |     1 |       |       ||     3
         Distracted        |       |       |       |     1 |       ||     1
 Armour: Robe              |    45 |    30 |    13 |       |       ||    88
         Acid dragon scale |       |       |    27 |     9 |       ||    36
         Steam dragon scal |       |       |       |   203 |    50 ||   253
  Dodge: Dodged            |   131 |   145 |   174 |   816 |   188 ||  1454
  Block: Buckler           |       |       |       |    34 |    74 ||   108

Table legend: (Time is in decaauts)
 A = Elapsed time spent in this place.
 B = Non-inter-level travel time spent in this place.
 C = Inter-level travel time spent in this place.
 D = Time resting spent in this place.
 E = Time spent auto-exploring this place.
 F = Levels seen in this place.
 G = Mean time per level.
                   A        B        C        D        E       F      G
               +--------+--------+--------+--------+--------+-----+--------+
         Total |  12989 |  12326 |    663 |    802 |   8315 |  19 |  683.6 |
       Dungeon |  10354 |   9784 |    570 |    743 |   6461 |  13 |  796.5 |
        Temple |     60 |      3 |     57 |      0 |      0 |   1 |   60.0 |
          Lair |   2563 |   2527 |     36 |     59 |   1854 |   4 |  640.8 |
     Snake Pit |     12 |     12 |      0 |      0 |      0 |   1 |   12.0 |
               +--------+--------+--------+--------+--------+-----+--------+

Top non-repeatable levels by time:
    D:10: 1245 daAuts
    D:11: 1197 daAuts
     D:8: 1045 daAuts
     D:9: 1039 daAuts
    D:12: 990 daAuts
  Lair:2: 961 daAuts
  Lair:1: 915 daAuts
     D:4: 831 daAuts
     D:1: 778 daAuts
     D:6: 695 daAuts
     D:3: 693 daAuts
     D:7: 676 daAuts
     D:5: 664 daAuts
  Lair:3: 567 daAuts
     D:2: 495 daAuts
